Unix NetHack Version 5.0.0-0 post-release - last build May 31 2026 23:59:36 (970b52f25bf058293b47ddfd14a1e40e571c508c,branch:main).

Game began 2026-06-09 11:08:47, ended 2026-06-09 11:24:15.

GdeVolpiano, neutral female human Tourist

                                       ---- --
                                 ---  --..--.--
                                 |..---.<.....---------
                             --  |..|....)..G.........|
                             |. --.......).---------- |
                       -..  --........%..).|
                       |...........h@....%.--
                       #-  --...............--
                            --...............-
                             --....--..........|
                              |..-- ---.|......-
                              ---     |.|-......-
                                      |.| .......|
                                      |.| -.....--
                                      -.-  .....|
                                       .   .....|
                                       .-  --..--
                                       .     ---
                                      |.
                                      ---
GdeVolpiano the Sightseer   St:10 Dx:9 Co:16 In:12 Wi:10 Ch:18  Neutral
Dlvl:3  $:685 HP:0(33) Pw:8(8) AC:0  Xp:3 T:1227 

Latest messages:
 You hit the gnome.
 The gnome hits!
 You miss the gnome.
 What do you want to drink? [g or ?*]
 You feel much better.
 In what direction?
 The dart hits the gnome.
 The gnome hits!
 You hit the gnome.
 The gnome hits!
 In what direction?
 You kill the gnome!
 a - 2 +3 darts (at the ready) (29 in total).
 #
 You see here a dagger.
 There is a gnome corpse here; eat it? [ynq] (n)
 This gnome corpse tastes terrible!
 You stop eating the gnome corpse.
 You miss the dwarf.
 You hit the dwarf.
 The dwarf swings his pick-axe.
 The dwarf misses!
 You miss the dwarf.
 The dwarf swings his pick-axe.
 The dwarf misses!
 You hit the dwarf.
 The dwarf swings his pick-axe.
 The dwarf hits!
 You hit the dwarf.
 You miss the dwarf.
 You miss the dwarf.
 The dwarf swings his pick-axe.
 The dwarf hits!
 You hit the dwarf.
 The dwarf swings his pick-axe.
 The dwarf hits!
 You miss the dwarf.
 The dwarf swings his pick-axe.
 The dwarf hits!
 In what direction?
 The dart hits the dwarf!
 The dwarf swings his pick-axe.
 The dwarf hits!
 In what direction?
 The dart hits the dwarf.
 The dwarf swings his pick-axe.
 The dwarf hits!
 You die...
 Do you want your possessions identified? [ynq] (y)
 Do you want to see your attributes? [ynq] (y)

Inventory:
 Coins    ('$')
  $ - 685 gold pieces
 Weapons  (')')
  a - 27 +3 darts (at the ready)
  J - a greased +0 elven dagger
  H - a +0 war hammer (weapon in right hand)
 Armor    ('[')
  v - a blessed +2 helm of opposite alignment
  u - a blessed +0 cloak of protection (being worn)
  s - an uncursed +2 chain mail (being worn)
 Comestibles  ('%')
  L - an uncursed fig
  A - an uncursed cream pie
  b - 7 uncursed food rations
  f - 2 uncursed fortune cookies
  G - an uncursed lembas wafer
  e - an uncursed pancake
  c - 2 uncursed eggs
 Wands    ('/')
  o - a wand of digging (0:5)
  N - a wand of magic missile (0:4)
 Tools    ('(')
  k - an uncursed credit card
  j - an expensive camera (0:62)
  K - an uncursed leash
  l - an uncursed towel
 Gems/Stones  ('*')
  M - an uncursed jade stone
  P - an uncursed worthless piece of black glass

GdeVolpiano the Tourist's attributes:

Background:
 You were a Sightseer, a level 3 female human Tourist.
 You were neutral, nominally on a mission for The Lady
 who was opposed by Blind Io (lawful) and Offler (chaotic).
 You were right-handed.
 You were in the Gnomish Mines, on level 3.
 You entered the dungeon 1227 turns ago.
 You had 66 experience points, 14 more were needed to attain level 4.

Basics:
 You had 0 out of 33 hit points.
 You had all 8 energy points (spell power).
 Your armor class was 0.
 Your wallet contained 685 zorkmids.
 Autopickup was on for '$?!/="+' plus thrown, with exceptions.

Final Characteristics:
 Your strength was 10 (limit:18/100).
 Your dexterity was 9 (limit:18).
 Your constitution was 16 (limit:18).
 Your intelligence was 12 (limit:18).
 Your wisdom was 10 (limit:18).
 Your charisma was 18 (limit:18).

Final Status:
 You weren't hungry.
 You were unencumbered.
 You were wielding a hammer.
 You were unskilled in hammer.

Final Attributes:
 You were devoutly aligned.
 You were protected.
 You are dead.

Miscellaneous:
 You didn't encounter any bones levels.
 Total elapsed playing time was 15 minutes and 26 seconds.

Major events:
 Turn
    1: GdeVolpiano the neutral female human Tourist entered the dungeon
 1005: entered the Gnomish Mines
 1058: attained the rank of Sightseer (level 3)
 1227: killed by a dwarf

You didn't know any spells.

Skills:
 Fighting Skills
   bare handed combat [Unskilled]
   two weapon combat  [Unskilled]
   riding             [Unskilled]
 Weapon Skills
   dagger             [Unskilled]
   knife              [Unskilled]
   axe                [Unskilled]
   pick-axe           [Unskilled]
   short sword        [Unskilled]
   broadsword         [Unskilled]
   long sword         [Unskilled]
   two-handed sword   [Unskilled]
   saber              [Unskilled]
   mace               [Unskilled]
   morning star       [Unskilled]
   flail              [Unskilled]
   hammer             [Unskilled]
   quarterstaff       [Unskilled]
   polearms           [Unskilled]
   spear              [Unskilled]
   trident            [Unskilled]
   lance              [Unskilled]
   bow                [Unskilled]
   sling              [Unskilled]
   crossbow           [Unskilled]
   dart               [Basic]
   shuriken           [Unskilled]
   boomerang          [Unskilled]
   whip               [Unskilled]
   unicorn horn       [Unskilled]
 Spellcasting Skills
   divination spells  [Unskilled]
   enchantment spells [Unskilled]
   escape spells      [Unskilled]

Voluntary challenges:
 Character rerolling was not enabled.
 You were an atheist.
 You never genocided any monsters.
 You never polymorphed an object.
 You never changed form.
 You used no wishes.
Achievements:
 You entered a shop.
 You entered the Gnomish Mines.
 You attained the rank of Sightseer.

 The Dungeons of Doom: levels 1 to 3
    Level 1: "vault"
       A grave.
    Level 2:
       A general store.
       Stairs down to The Gnomish Mines.
    Level 3:
 The Gnomish Mines:
    Level 3: <- You were here.
       Final resting place for
          you, killed by a dwarf.


Vanquished creatures:
  a kitten
  2 hobbits
  4 gnomes
  5 jackals
  a fox
  2 goblins
  4 grid bugs
  7 newts
26 creatures vanquished.

No species were genocided or became extinct.

Game over:
                       ----------
                      /          \
                     /    REST    \
                    /      IN      \
                   /     PEACE      \
                  /                  \
                  |   GdeVolpiano    |
                  |      685 Au      |
                  |   killed by a    |
                  |      dwarf       |
                  |                  |
                  |                  |
                  |       2026       |
                 *|     *  *  *      | *
        _________)/\\_//(\/(/\)/\//\/|_)_______

Aloha GdeVolpiano the Tourist...

You died in The Gnomish Mines on dungeon level 3 with 414 points,
and 685 pieces of gold, after 1227 moves.
You were level 3 with a maximum of 33 hit points when you died.

